 Dungeon Crawl Stone Soup version 0.30.0-11-gf55b779eaf (webtiles) character file.

Game seed: 3980099234422427767

10609 retardedninja the Thaumaturge (level 11, -5/83 HPs)
             Began as a Gnoll Fire Elementalist on May 16, 2023.
             Was an Elder of Cheibriados.
             Slain by a +4 long sword (18 damage)
             ... on level 13 of the Dungeon.
             The game lasted 00:24:20 (18768 turns).

retardedninja the Thaumaturge (GnFE)               Turns: 18768, Time: 00:24:21

Health: -5/83      AC:  9    Str: 18    XL:     11   Next: 64%
Magic:  23/23      EV: 28    Int: 32    God:    Cheibriados [****..]
Gold:   141        SH:  0    Dex: 22    Spells: 17/27 levels left

rFire   . . .        p - +5 glaive (venom)
rCold   . . .        (shield currently unavailable)
rNeg    . . .        y - +2 robe {Will+}
rPois   +            i - +2 helmet {Int+3}
rElec   .            E - +0 cloak of Cuad {rPois}
rCorr   .            (no gloves)
SInv    .            (no boots)
Will    +....        D - amulet of the acrobat
Stlth   ++++         w - +5 ring of evasion
HPRegen 0.33/turn    b - +5 ring of evasion
MPRegen 0.18/turn

%: acrobat
@: very slow
A: fangs 1, strong nose, distributed training
a: Renounce Religion, Bend Time, Temporal Distortion, Slouch


You were on level 13 of the Dungeon.
You worshipped Cheibriados.
Cheibriados was greatly pleased with you.
You visited 3 branches of the dungeon, and saw 15 of its levels.
You also visited: Ossuary.

You collected 716 gold pieces.
You spent 575 gold pieces at shops.

Inventory:

Hand Weapons
 p - a +5 glaive of venom (weapon)
Missiles
 l - 2 throwing nets
Armour
 i - a +2 helmet of intelligence (worn)
 y - a +2 robe of willpower (worn)
 E - the +0 cloak of Cuad (worn) {rPois}
   (You found it on level 10 of the Dungeon)

   rPois:     It protects you from poison.
Jewellery
 b - a +5 ring of evasion (right hand)
 w - a +5 ring of evasion (left hand)
 D - an amulet of the acrobat (around neck)
Wands
 e - a wand of iceblast (4)
 C - a wand of mindburst (3)
Scrolls
 f - 2 scrolls of noise
 g - a scroll of summoning {unknown}
 h - a scroll of fog
 m - a scroll of enchant armour
 r - 2 scrolls of blinking {unknown}
 s - 4 scrolls of magic mapping
 t - a scroll of enchant weapon
 v - a scroll of immolation
 F - a scroll of identify
Potions
 a - 3 potions of haste
 d - 2 potions of lignification
 j - 2 potions of mutation
 n - 2 potions of cancellation
 o - 4 potions of attraction {unknown}
 q - 7 potions of curing
 u - 2 potions of berserk rage
 z - a potion of flight
 B - a potion of might {unknown}
 G - 3 potions of resistance {unknown}


   Skills:
 + Level 6.7 Fighting
 + Level 6.7 Short Blades
 + Level 6.7 Long Blades
 + Level 6.7 Axes
 + Level 6.7 Maces & Flails
 + Level 6.7 Polearms
 + Level 6.7 Staves
 + Level 6.7 Ranged Weapons
 + Level 6.7 Throwing
 + Level 6.7 Armour
 + Level 8.2 Dodging
 + Level 8.0 Stealth
 + Level 6.7 Shields
 + Level 6.7 Unarmed Combat
 + Level 8.5 Spellcasting
 + Level 6.0 Conjurations
 + Level 5.6 Hexes
 + Level 5.6 Summonings
 + Level 5.6 Necromancy
 + Level 5.6 Translocations
 + Level 5.6 Transmutations
 + Level 7.9 Fire Magic
 + Level 5.6 Ice Magic
 + Level 5.6 Air Magic
 + Level 5.6 Earth Magic
 + Level 5.6 Poison Magic
 + Level 7.4 Invocations
 + Level 6.7 Evocations


You had 17 spell levels left.
You knew the following spells:

 Your Spells              Type           Power      Damage    Failure   Level
a - Foxfire               Conj/Fire      100%       2x1d9     1%          1
b - Scorch                Fire           100%       2d9       1%          2
c - Flame Wave            Conj/Fire      55%        2d13      1%          4
d - Inner Flame           Hex/Fire       54%        N/A       1%          3

Your spell library contained the following spells:

 Spells                   Type           Power      Damage    Failure   Level
 Apportation              Tloc           98%        N/A       1%          1
 Necrotise                Necr           100%       1d9       1%          1
 Shock                    Conj/Air       100%       1d9       1%          1
 Summon Small Mammal      Summ           100%       N/A       1%          1
 Poisonous Vapours        Pois/Air       98%        N/A       1%          2
 Mephitic Cloud           Conj/Pois/Air  50%        N/A       1%          3
 Swiftness                Air            49%        N/A       1%          3
 Vhi's Electric Charge    Tloc/Air       98%        N/A       1%          3
 Volatile Blastmotes      Fire/Tloc      100%       2d18      1%          3
 Airstrike                Air            24%        2d(4-20)  3%          4
 Manifold Assault         Tloc           49%        N/A       3%          4
 Arcjolt                  Conj/Air       25%        1d35      9%          5
 Freezing Cloud           Conj/Ice/Air   25%        6-21      10%         5
 Plasma Beam              Fire/Air       27%        2x1d43    34%         6
 Dispersal                Tloc           24%        N/A       50%         6
 Disjunction              Tloc           24%        N/A       100%        8


Dungeon Overview and Level Annotations

Branches:
Dungeon (14/15)            Temple (1/1) D:6            Lair (1/5) D:9
 Vaults (0/5) D:13        Ossuary (visited)
    Orc: D:9-12

Altars:
Ashenzari
Cheibriados
Dithmenos
Elyvilon
Fedhas
Gozag
Hepliaklqana
Kikubaaqudgha
Makhleb
Nemelex Xobeh
Okawaru
Qazlal
Ru
Sif Muna
Trog
Uskayaw
Vehumet
Wu Jian
Xom
Yredelemnul
Zin
The Shining One

Shops:
D:1 [   D:2 *   D:6 [   D:7 *   D:9 [**   D:14 *


Innate Abilities, Weirdness & Mutations

You have very sharp teeth.
Your uncanny sense of smell can sniff out nearby items.
Your experience applies equally to all skills.


Message History

Found a gate to the Vaults.
The +5 long sword hits you. 2 centaurs come into view.
The centaur shouts!
The +5 long sword hits you!!
The centaur wields a +0 shortbow.
The centaur shoots an arrow.
The arrow completely misses you.
You feel much better. The +5 long sword hits you!
The centaur shoots an arrow.
The arrow hits you.
The +5 long sword completely misses you.
You hear a shout!
As you read the scroll labelled WUWAGI NEOJOI, it crumbles to dust.
The scroll dissolves into smoke.
It was a scroll of fog.
A centaur warrior comes into view.
The +5 long sword completely misses you.
The centaur shoots an arrow.
The arrow misses you. The +5 long sword hits you!!
The air fills with toxic fumes!
As you read the scroll labelled GOEFUKK FEOVU, it crumbles to dust.
It was a scroll of poison.
The centaur shouts!
The centaur wields a +0 shortbow.
The centaur shoots an arrow.
The arrow hits you! The +5 long sword hits you.
* * * LOW HITPOINT WARNING * * *
You feel much better. The +5 long sword hits you!
The +4 long sword hits you but does no damage.
The +5 long sword hits you!
* * * LOW HITPOINT WARNING * * *
The centaur shoots an arrow.
The arrow completely misses you. The +4 long sword hits you!!
* * * LOW HITPOINT WARNING * * *
Aiming: Iceblast
Press: ? - help, Q - select action, (/) - cycle Shift-Dir - straight line, f - +5 long sword
Aim: a +5 long sword (black smoke)
Okay, then.
You feel better. The +5 long sword closely misses you.
The centaur shoots an arrow.
The arrow completely misses you. The +4 long sword hits you!
* * * LOW HITPOINT WARNING * * *
You feel better.
The +5 long sword completely misses you.
The +4 long sword hits you!!
You die... c

##§### #.
##§§§§§#
##.####§§§§§§#
......§§§§§§§#
....§§§§§§§
∆#.§§§§§§
.#####§§§§#
...∩.§§(@§#
#####§(W§#
∆#§§§§§#
...§§§§§§§)#
.§§§§§§§§§cW..z
#§#§##§§§##cz##
#§§§ §§§§c ..#
### ##§####.##
#.


You could see a wraith, a centaur and 2 dancing weapons.

Vanquished Creatures
  A centaur warrior (D:8)
  A two-headed ogre (D:10)
  Erica (D:8)
  An ugly thing (D:11)
  A manticore (D:14)
  An unseen horror (D:11)
  A komodo dragon (D:11)
  A troll (D:11)
  2 vampires
  A shadow (D:9)
  11 yaks (D:10)
  A basilisk (D:8)
  4 vampire mosquitoes (D:11)
  2 wargs (D:9)
  2 black bears
  2 ice beasts
  2 orc warriors
  4 ogres
  6 centaurs
  5 kobold brigands
  3 bullfrogs (D:6)
  A gnoll sergeant (D:7)
  7 wights
  3 water moccasin zombies (Ossuary)
  A scorpion (D:5)
  13 killer bees
  5 hounds
  5 jellies
  8 orc priests
  2 sleepcaps
  3 iguanas
  Natasha (twice) (D:4)
  6 orc wizards
  2 mummies (Ossuary)
  4 gnolls (D:7)
  3 river rats (D:5)
  13 adders
  A white imp (D:7)
  4 adder zombies (Ossuary)
  5 worms
  A dart slug (D:1)
  35 orcs
  8 ball pythons
  5 endoplasms
  4 giant cockroaches
  3 gnoll zombies (Ossuary)
  7 goblins
  6 hobgoblins
  6 quokkas
  5 bats
  3 frilled lizards
  4 hobgoblin zombies (Ossuary)
  23 kobolds
  4 kobold zombies (Ossuary)
  10 orc zombies (Ossuary)
  6 rats
271 creatures vanquished.

Vanquished Creatures (others)
  A warg (D:9)
  A centaur (D:9)
  2 orc wizards
  An orc (D:9)
  1038 foxfires
1043 creatures vanquished.

Grand Total: 1314 creatures vanquished

Notes
Turn   | Place    | Note
-------+----------+-------------------------------------------
     0 | D:1      | retardedninja the Gnoll Fire Elementalist began the quest
                  | for the Orb.
     0 | D:1      | Reached XP level 1. HP: 13/13 MP: 6/6
   269 | D:1      | Reached XP level 2. HP: 19/19 MP: 2/7
   313 | D:1      | Found a faded altar of an unknown god.
   823 | D:1      | Found Agraqas's Armour Boutique.
  1008 | D:1      | Reached skill level 5 in Spellcasting
  1008 | D:1      | Reached XP level 3. HP: 18/25 MP: 2/9
  1011 | D:1      | Learned a level 2 spell: Scorch
  1693 | D:2      | Reached skill level 1 in Invocations
  1803 | D:2      | Reached skill level 1 in Fighting
  1803 | D:2      | Reached skill level 1 in Short Blades
  1803 | D:2      | Reached skill level 1 in Long Blades
  1803 | D:2      | Reached skill level 1 in Axes
  1803 | D:2      | Reached skill level 1 in Maces & Flails
  1803 | D:2      | Reached skill level 1 in Polearms
  1803 | D:2      | Reached skill level 1 in Staves
  1803 | D:2      | Reached skill level 1 in Ranged Weapons
  1803 | D:2      | Reached skill level 1 in Throwing
  1803 | D:2      | Reached skill level 1 in Armour
  1803 | D:2      | Reached skill level 1 in Shields
  1803 | D:2      | Reached skill level 1 in Unarmed Combat
  1803 | D:2      | Reached skill level 1 in Evocations
  2012 | D:2      | Reached XP level 4. HP: 31/32 MP: 8/11
  2198 | D:2      | Reached skill level 1 in Hexes
  2198 | D:2      | Reached skill level 1 in Summonings
  2198 | D:2      | Reached skill level 1 in Necromancy
  2198 | D:2      | Reached skill level 1 in Translocations
  2198 | D:2      | Reached skill level 1 in Transmutations
  2198 | D:2      | Reached skill level 1 in Ice Magic
  2198 | D:2      | Reached skill level 1 in Air Magic
  2198 | D:2      | Reached skill level 1 in Earth Magic
  2198 | D:2      | Reached skill level 1 in Poison Magic
  2268 | D:2      | Found Gaythak's General Store.
  2652 | D:3      | Found a radiant altar of Vehumet.
  2769 | D:3      | Reached XP level 5. HP: 36/37 MP: 2/12
  3219 | D:3      | Found a sacrificial altar of Ru.
  3787 | D:4      | Noticed an ogre
  3797 | D:4      | Killed an ogre
  3798 | D:4      | Reached XP level 6. HP: 44/44 MP: 4/14
  3850 | D:4      | Reached skill level 5 in Dodging
  4200 | D:4      | Noticed Natasha
  4659 | D:4      | Noticed a black bear
  4671 | D:4      | Killed a black bear
  4672 | D:4      | Reached XP level 7. HP: 35/51 MP: 3/15
  5202 | D:4      | Killed Natasha
  5428 | D:4      | Noticed Natasha
  5436 | D:4      | Killed Natasha
  5596 | D:5      | Entered Level 5 of the Dungeon
  5644 | D:5      | Reached skill level 5 in Stealth
  5943 | D:5      | Reached XP level 8. HP: 57/58 MP: 11/16
  7181 | D:6      | Found Ewuop's Armour Shop.
  7203 | D:6      | Found a staircase to the Ecumenical Temple.
  7312 | Temple   | Entered the Ecumenical Temple
  7450 | Temple   | Became a worshipper of Cheibriados the Contemplative
  7958 | D:1      | Bought a +2 robe of willpower for 212 gold pieces
  8362 | D:6      | Reached XP level 9. HP: 65/65 MP: 13/18
  8696 | D:7      | Reached * piety under Cheibriados
  8807 | D:7      | Found a sand-covered staircase.
  8859 | Ossuary  | Entered an ossuary
  9926 | D:7      | Reached ** piety under Cheibriados
 10384 | D:7      | Reached skill level 5 in Invocations
 10657 | D:7      | Found Fyqiob's Island Escapes.
 10799 | D:7      | Found the +7 Spriggan's Knife {stab, EV+4 Stlth+}
 11204 | D:8      | Reached *** piety under Cheibriados
 11509 | D:8      | Reached skill level 5 in Fighting
 11509 | D:8      | Reached skill level 5 in Short Blades
 11509 | D:8      | Reached skill level 5 in Long Blades
 11509 | D:8      | Reached skill level 5 in Axes
 11509 | D:8      | Reached skill level 5 in Maces & Flails
 11509 | D:8      | Reached skill level 5 in Polearms
 11509 | D:8      | Reached skill level 5 in Staves
 11509 | D:8      | Reached skill level 5 in Ranged Weapons
 11509 | D:8      | Reached skill level 5 in Throwing
 11509 | D:8      | Reached skill level 5 in Armour
 11509 | D:8      | Reached skill level 5 in Shields
 11509 | D:8      | Reached skill level 5 in Unarmed Combat
 11509 | D:8      | Reached skill level 5 in Evocations
 11515 | D:8      | Reached XP level 10. HP: 69/74 MP: 6/20
 11628 | D:8      | Noticed Erica
 11650 | D:8      | Killed Erica
 11922 | D:8      | Found a sparkling altar of Nemelex Xobeh.
 11926 | D:8      | Noticed a centaur warrior
 11938 | D:8      | Killed a centaur warrior
 11939 | D:8      | Reached skill level 5 in Conjurations
 14225 | D:8      | Reached **** piety under Cheibriados
 14283 | D:9      | Found a staircase to the Lair.
 14306 | D:9      | Learned a level 4 spell: Flame Wave
 14310 | D:9      | Learned a level 3 spell: Inner Flame
 14341 | D:9      | Found Puabouq's Antique Armour Shoppe.
 14897 | D:9      | Found Icwiphof's General Store.
 14897 | D:9      | Found Ahudd's Specific Store.
 15032 | D:6      | Bought a +1 helmet of intelligence for 214 gold pieces
 15032 | D:6      | Bought a +1 cloak for 149 gold pieces
 15169 | Lair:1   | Entered Level 1 of the Lair of Beasts
 15169 | Lair:1   | Noticed a black mamba
 15185 | D:10     | Entered Level 10 of the Dungeon
 15202 | D:10     | Reached skill level 5 in Hexes
 15202 | D:10     | Reached skill level 5 in Summonings
 15202 | D:10     | Reached skill level 5 in Necromancy
 15202 | D:10     | Reached skill level 5 in Translocations
 15202 | D:10     | Reached skill level 5 in Transmutations
 15202 | D:10     | Reached skill level 5 in Ice Magic
 15202 | D:10     | Reached skill level 5 in Air Magic
 15202 | D:10     | Reached skill level 5 in Earth Magic
 15202 | D:10     | Reached skill level 5 in Poison Magic
 15202 | D:10     | Reached XP level 11. HP: 64/81 MP: 8/22
 16264 | D:10     | Noticed a two-headed ogre
 16271 | D:10     | Killed a two-headed ogre
 16583 | D:10     | Identified the +0 cloak of Cuad {rPois}
 17023 | D:11     | Reached ***** piety under Cheibriados
 17459 | D:11     | Noticed a green ugly thing
 17468 | D:11     | Killed a green ugly thing
 17990 | D:11     | You fall into a shaft and drop 3 floors!
 18012 | D:14     | Noticed a boulder beetle
 18041 | D:14     | Noticed a boulder beetle
 18104 | D:14     | Noticed a manticore
 18104 | D:14     | Noticed a brown ugly thing
 18106 | D:14     | Noticed a brown ugly thing
 18106 | D:14     | Noticed a brown ugly thing
 18107 | D:14     | Noticed a brown ugly thing
 18123 | D:14     | Killed a manticore
 18590 | D:14     | Found Jaholar's Fire Supplies.
 18670 | D:13     | Noticed a tengu warrior
 18760 | D:13     | Noticed a +5 long sword
 18760 | D:13     | Noticed a skeletal warrior
 18761 | D:13     | Found a gate to the Vaults.
 18761 | D:13     | Noticed a +4 long sword
 18764 | D:13     | Noticed a centaur warrior
 18766 | D:13     | HP: 2/83 [+4 long sword (18)]
 18768 | D:13     | Slain by a +4 long sword

Illustrated notes

Levels and vault maps discovered:
D:1:      dpeg_arrival_tiny_a, layout_basic,
          hellmonk_ecumenical_altar_prayer_group, serial_shops, shop,
          minmay_tripent
D:2:      layout_rooms, serial_shops,
          nicolae_shop_temple_entry_statues_fountains, minmay_three_crescents
D:3:      layout_basic, nicolae_ru_awakened_eye, nicolae_vehumet_radiance
D:4:      layout_basic, hangedman_decor_slide_cut, uniq_natasha
D:5:      layout_basic, portal_sewer_entry_b, roderic_lattice_a
D:6:      layout_layer_cave, minmay_temple_entry_overgrown, serial_shops,
          kennysheep_mini_moat
D:7:      layout_basic, lightli_ossuary_entry_decrepit_ruins,
          nicolae_island_escapes
D:8:      layout_rooms, mainiacjoe_overflow_paths, uniq_erica
D:9:      layout_cave_pools, erik_lair_orcish_takeover, serial_shops, shop,
          nicolae_specific_store
D:10:     layout_gridville
D:11:     layout_stronghold
D:13:     nzn_winding_woodlands_cross [nzn_winding_woodlands_5x15_split_checker,
          nzn_winding_woodlands_5x15_jagged, nzn_winding_woodlands_5x15_parted,
          nzn_winding_woodlands_5x15_pockets,
          nzn_winding_woodlands_15x15_killbox], layout_loops_cross,
          erik_vaults_1, serial_shops, nicolae_stop_n_shop_2,
          nicolae_dithmenos_the_darkroom
D:14:     layout_irregular_city, small_statue_alley_a, nicolae_shop_fire_sale
          [nicolae_sub_dead_trees], kennysheep_generic_room_8
Temple:   compressed_dpeg_triangle_lava_temple
Lair:1:   layout_cave_pods, serial_bayou_shore_a, grunt_megastairs_5,
          lemuel_fruit_fields

Skill      XL: |  1  2  3  4  5  6  7  8  9 10 11 |
---------------+----------------------------------+-----
Conjurations   | 2 3 4 5 6 |  6.0
Spellcasting   | 5 6 7 8 |  8.5
Invocations    | 1 2 3 4 5 6 7 |  7.4
Fighting       | 1 2 3 5 6 |  6.7
Short Blades   | 1 2 3 5 6 |  6.7
Long Blades    | 1 2 3 5 6 |  6.7
Axes           | 1 2 3 5 6 |  6.7
Maces & Flails | 1 2 3 5 6 |  6.7
Polearms       | 1 2 3 5 6 |  6.7
Staves         | 1 2 3 5 6 |  6.7
Ranged Weapons | 1 2 3 5 6 |  6.7
Throwing       | 1 2 3 5 6 |  6.7
Armour         | 1 2 3 5 6 |  6.7
Shields        | 1 2 3 5 6 |  6.7
Unarmed Combat | 1 2 3 5 6 |  6.7
Evocations     | 1 2 3 5 6 |  6.7
Hexes          | 1 2 3 4 5 |  5.6
Summonings     | 1 2 3 4 5 |  5.6
Necromancy     | 1 2 3 4 5 |  5.6
Translocations | 1 2 3 4 5 |  5.6
Transmutations | 1 2 3 4 5 |  5.6
Ice Magic      | 1 2 3 4 5 |  5.6
Air Magic      | 1 2 3 4 5 |  5.6
Earth Magic    | 1 2 3 4 5 |  5.6
Poison Magic   | 1 2 3 4 5 |  5.6
Dodging        | 5 6 7 8 |  8.2
Stealth        | 5 6 7 8 |  8.0
Fire Magic     | 6 7 |  7.9

Action                     |  1- 3 |  4- 6 |  7- 9 | 10-12 || total
---------------------------+-------+-------+-------+-------++-------
  Melee: Glaive            |       |       |    14 |     4 ||    18
         Bite              |       |       |     2 |     1 ||     3
   Cast: Foxfire           |    98 |   139 |   266 |   123 ||   626
         Scorch            |     2 |    12 |    97 |    66 ||   177
         Flame Wave        |       |       |       |    15 ||    15
  Evoke: Wand              |       |       |     1 |    18 ||    19
    Use: Potion            |       |       |     4 |     6 ||    10
         Scroll            |       |       |       |    21 ||    21
   Stab: Sleeping          |       |       |     2 |       ||     2
         Paralysed         |       |       |       |     3 ||     3
 Armour: Robe              |     9 |     4 |    23 |    22 ||    58
  Dodge: Dodged            |    18 |    21 |   226 |   322 ||   587
